 Dungeon Crawl Stone Soup version 0.30-a0-702-gdf48620a09 (webtiles) character file.

Game seed: 8014883289420444740

6 kae the Insei (level 1, 0/15 HPs)
             Began as a Demonspawn Transmuter on Jan 21, 2023.
             Succumbed to a kobold's poison
             ... on level 1 of the Dungeon.
             The game lasted 00:00:12 (91 turns).

kae the Insei (Demonspawn Transmuter)                 Turns: 91, Time: 00:00:12

Health: 0/15       AC:  2    Str: 10    XL:     1   Next: 75%
Magic:  2/3        EV: 12    Int: 14    God:
Gold:   0          SH:  0    Dex: 13    Spells: 3/4 levels left

rFire   . . .      SeeInvis .      - Unarmed
rCold   . . .      Faith    .    (no shield)
rNeg    . . .      Spirit   .    a - +0 robe
rPois   .          Reflect  .    (helmet currently unavailable)
rElec   .          Harm     .    (no cloak)
rCorr   .          Rampage  .    (no gloves)
Will    .....                    (boots currently unavailable)
Stlth   +                        (no amulet)
HPRegen 0.22/turn                (no ring)
MPRegen 0.08/turn                (no ring)

@: lethally poisoned (0 -> -7), appendages (expiring)
A: horns 2, talons 2
a: End Transformation


You were on level 1 of the Dungeon.
You had temporarily grown beastly horns and talons.
You visited 1 branch of the dungeon, and saw 1 of its levels.


Innate Abilities, Weirdness & Mutations

You have temporarily grown beastly horns and talons.


   Skills:
 - Level 1.0 Fighting
 - Level 1.7 Dodging
 + Level 2.8 Unarmed Combat
 + Level 2.1 Spellcasting
 * Level 2.1 Transmutations


You had 3 spell levels left.
You knew the following spells:

 Your Spells              Type           Power      Damage    Failure   Level
a - Beastly Appendage     Tmut           14%        N/A       10%         1

Your spell library contained the following spells:

 Spells                   Type           Power      Damage    Failure   Level
 Wereblood                Tmut           7%         N/A       16%         2
 Spider Form              Tmut/Pois      4%         N/A       43%         3
 Ice Form                 Ice/Tmut       4%         N/A       83%         4

Inventory:

Missiles
 c - 9 stones
Armour
 a - a +0 robe (worn)
Scrolls
 e - a scroll of poison {unknown}
Potions
 b - a potion of lignification {!q}
 d - a potion of cancellation {unknown}

Dungeon Overview and Level Annotations

Branches:
Dungeon (1/15) Zot: 5909

Altars:

#....... #.# #...... #.#
#..... ..### #.... #...#
###.#.## #.#.# #......#
# #.#.###......###
...######.#..##.........
......)@..##.####.#.#.##
...######.##...##.#.#..#
..[.............#.#..#
.##########....##.#..≈
#.....#.#..≈
#...).#.#..≈
####....#..≈ #....###..≈
#.##.###..≈


There were no monsters in sight!


Message History

An endoplasm is nearby!
A kobold comes into view. It is wielding a +0 dagger.
The endoplasm hits you.
You hit the endoplasm but do no damage. Your kick misses the endoplasm.
You headbutt the endoplasm.
You kill the endoplasm! 😕 HP[-1]
You take 1 damage, and now have 14/15 hp.
Casting: Beastly Appendage (safe; 11% risk of failure)
Confirm with . or Enter, or press ? or * to list all spells.
You extend your transformation's duration. 😎 HP[+1] MP[-1]
Your hp is fully restored (15).
You lost 1 mp, and now have 1/3 mp.
Found a stone staircase leading down.
The kobold shouts! 😎 MP[+1]
You hit the kobold. You claw the kobold.
You kill the kobold!
No target in view!
c - 9 stones (gained 5)
Things that are here:
a +0 dagger; a kobold corpse
e - a scroll labelled OMUIFI HIDISIR Your transformation is almost over.
There is a stone staircase leading down here.
Your horns disappear.
Your talons disappear.
Key pressed, stopping explore.
No target in view!
No target in view! 😎 MP[+1]
Your mp is fully restored (3).
Key pressed, stopping explore.
No target in view!
No target in view!
A hobgoblin comes into view.
A hobgoblin is nearby!
A hobgoblin is nearby!
Casting: Beastly Appendage (safe; 11% risk of failure)
Confirm with . or Enter, or press ? or * to list all spells.
You grow a pair of large bovine horns.
Your feet morph into talons.
Your transformation is almost over. 😎 MP[-1]
You lost 1 mp, and now have 2/3 mp.
You hit the hobgoblin but do no damage. You claw the hobgoblin.
You headbutt the hobgoblin.
You kill the hobgoblin!
Your Transmutations skill increases to level 2!
Your horns disappear.
Your talons disappear.
Key pressed, stopping explore.
No target in view!
No target in view! 😎 MP[+1]
Your mp is fully restored (3).
No target in view!
No target in view!
A kobold comes into view. It is wielding a +1 dagger of venom.
The kobold shouts!
Unknown command.
A kobold is nearby!
A kobold is nearby!
A kobold is nearby!
A rat comes into view.
Casting: Beastly Appendage (safe; 11% risk of failure)
Confirm with . or Enter, or press ? or * to list all spells.
You grow a pair of large bovine horns.
Your feet morph into talons.
The kobold throws a stone.
The stone barely misses you. 😎 MP[-1]
You lost 1 mp, and now have 2/3 mp.
You miss the kobold. Your headbutt misses the kobold.
The kobold hits you with a +1 dagger of venom.
You hit the kobold. You claw the kobold, but do no damage.
The kobold hits you with a +1 dagger of venom.
You are lethally poisoned! 😮 HP[-5]
You take 5 damage, and now have 10/15 hp.
MASSIVE DAMAGE!! (PAUSE)
You hit the kobold.
* * * LOW HITPOINT WARNING * * *
You feel very sick.
The kobold hits you with a +1 dagger of venom.
* * * LOW HITPOINT WARNING * * *
😨 HP[-4]
You take 4 damage, and now have 6/15 hp.
MASSIVE DAMAGE!! (PAUSE)
You closely miss the kobold. You claw the kobold.
You kill the kobold!
Your transformation is almost over.
* * * LOW HITPOINT WARNING * * *
You feel very sick. 😱 HP[-3]
You take 3 damage, and now have 3/15 hp.
You hit the rat. Your headbutt misses the rat.
* * * LOW HITPOINT WARNING * * *
You feel sick. The rat closely misses you.
Unknown command. 😱 HP[-2]
You take 2 damage, and now have 1/15 hp.
You hit the rat.
You kill the rat!
You die...

Skill      XL: |  1 |
---------------+----+-----
Transmutations | 2 |  2.1
Fighting       | |  1.0
Dodging        | |  1.7
Unarmed Combat | |  2.8
Spellcasting   | |  2.1

Action                   || total
-------------------------++-------
Melee: Unarmed           ||    11
       Kick              ||     4
       Headbutt          ||     3
 Cast: Beastly Appendage ||     4
Dodge: Dodged            ||     3

Levels and vault maps discovered:
D:1:      dpeg_arrival_pond, layout_basic

Notes
Turn   | Place    | Note
-------+----------+-------------------------------------------
     0 | D:1      | kae the Demonspawn Transmuter began the quest for the Orb.
     0 | D:1      | Reached XP level 1. HP: 15/15 MP: 3/3
     0 | D:1      | magus.rc [v1.11.3]
    73 | D:1      | Reached skill level 2 in Transmutations
    89 | D:1      | HP: 3/15 [poisoned by a kobold]
    90 | D:1      | HP: 1/15 [poisoned by a kobold]
    91 | D:1      | Succumbed to a kobold's poison

Vanquished Creatures
  An endoplasm (D:1)
  A hobgoblin (D:1)
  2 kobolds (D:1)
  2 rats (D:1)
6 creatures vanquished.

Table legend:
 A = Non-vault XP
 B = Vault XP
 C = Vault XP percentage of total XP
 D = Non-vault monster count
 E = Vault monster count
 F = Vault count percentage of total count
                 A         B        C        D         E       F
            +---------+---------+-------+---------+---------+-------
      Total |      10 |       0 |   0.0 |       6 |       0 |   0.0
            +---------+---------+-------+---------+---------+-------
        D:1 |      10 |       0 |   0.0 |       6 |       0 |   0.0
            +---------+---------+-------+---------+---------+-------

Illustrated notes

Table legend:
 A = Kills in this place as a percentage of kills in entire the game.
 B = Kills by you in this place as a percentage of kills by you in the entire game.
 C = Kills by friends in this place as a percentage of kills by friends in the entire game.
 D = Other kills in this place as a percentage of other kills in the entire game.
 E = Experience gained in this place as a percentage of experience gained in the entire game.
 F = Experience gained in this place divided by the number of levels of this place that you have seen.
                   A       B       C       D       E      F
               +-------+-------+-------+-------+-------+----------------------
         Total | 100.0 | 100.0 |   N/A |   N/A | 100.0 |  10.0
       Dungeon | 100.0 | 100.0 |   N/A |   N/A | 100.0 |  10.0
               +-------+-------+-------+-------+-------+----------------------

Table legend: (Time is in decaauts)
 A = Elapsed time spent in this place.
 B = Non-inter-level travel time spent in this place.
 C = Inter-level travel time spent in this place.
 D = Time resting spent in this place.
 E = Time spent auto-exploring this place.
 F = Levels seen in this place.
 G = Mean time per level.
                   A        B        C        D        E       F      G
               +--------+--------+--------+--------+--------+-----+--------+
         Total |     90 |     90 |      0 |      0 |     57 |   1 |   90.0 |
       Dungeon |     90 |     90 |      0 |      0 |     57 |   1 |   90.0 |
               +--------+--------+--------+--------+--------+-----+--------+

Top non-repeatable levels by time:
     D:1: 90 daAuts
